 Dungeon Crawl Stone Soup version 0.20.0-15-g7f486f2 (webtiles) character file.

73 Chiseanne the Magician (level 4, 30/30 HPs)
             Began as a Demonspawn Wizard on June 13, 2017.
             Quit the game on level 2 of the Dungeon.
             The game lasted 00:02:36 (1937 turns).

Chiseanne the Magician (Demonspawn Wizard)          Turns: 1937, Time: 00:02:37

Health: 30/30      AC:  5    Str:  7    XL:     4   Next: 8%
Magic:  5/10       EV: 12    Int: 20    God:
Gold:   98         SH:  0    Dex: 12    Spells: 2/11 levels left

rFire    . . .     SeeInvis .   e - +0 hand axe
rCold    . . .     Gourm    .   (no shield)
rNeg     . . .     Faith    .   a - +0 robe
rPois    .         Spirit   +   b - +0 hat
rElec    .         Reflect  .   (no cloak)
rCorr    .         Harm     .   g - +0 pair of gloves
MR       .....                  (no boots)
Stlth    +.........             (no amulet)
Regen    0.1/turn               f - ring of loudness (curse)
MPRegen  0.2/turn               (no ring)

@: no status effects
A: talons 1, iridescent scales 1, magic shield
a: no special abilities


You were on level 2 of the Dungeon.
You were not hungry.

You visited 1 branch of the dungeon, and saw 2 of its levels.

You collected 98 gold pieces.

Inventory:

Hand Weapons
 e - a +0 hand axe (weapon)
Missiles
 h - 14 sling bullets
 i - 29 stones (quivered)
Armour
 a - a +0 robe (worn)
 b - a +0 hat (worn)
 g - a +0 pair of gloves (worn)
Jewellery
 f - a cursed ring of loudness (left hand)
Potions
 j - a potion of invisibility {unknown}
 m - a potion of might {unknown}
Comestibles
 d - 2 bread rations
 k - 6 chunks of flesh


   Skills:
 - Level 1.7 Dodging
 - Level 1.7 Stealth
 * Level 4.0 Spellcasting
 * Level 2.6 Conjurations
   Level 1.0 Summonings
 - Level 0.8 Translocations


You had 2 spell levels left.
You knew the following spells:

 Your Spells              Type           Power        Failure   Level  Hunger
a - Magic Dart            Conj           ##..         4%          1    None
b - Blink                 Tloc           N/A          14%         2    #......
c - Conjure Flame         Conj/Fire      #.......     22%         3    ###....
d - Mephitic Cloud        Conj/Pois/Air  #.......     26%         3    ###....


Dungeon Overview and Level Annotations

Branches:
Dungeon (2/15)

Altars:


Innate Abilities, Weirdness & Mutations

You have sharp toenails.
You are partially covered in iridescent scales. (AC +2)
When hurt, damage is shared between your health and your magic reserves.


Message History

The adder is heavily wounded.
Casting: Magic Dart
Confirm with . or Enter, or press ? or * to list all spells.
Aiming: Magic Dart
Press: ? - help, Shift-Dir - straight line, f/p - adder
Aim: an adder (heavily wounded)
The magic dart hits the adder.
The adder is almost dead.
Casting: Magic Dart
Confirm with . or Enter, or press ? or * to list all spells.
Aiming: Magic Dart
Press: ? - help, Shift-Dir - straight line, f/p - adder
Aim: an adder (almost dead)
The magic dart hits the adder.
You kill the adder!
Your Spellcasting skill increases to level 4!
You have reached level 4!
You feel agile.
Your demonic ancestry asserts itself...
Your toenails lengthen and sharpen.
Are you sure you want to abandon this character and quit the game? (Confirm with "yes".)

## ... ##.#
.###...## #.......##
##.......## #
###.........####....
.'.........@..†....
#.........####..?#
#.......## .
##.....## ##...##
##'## ###.#
##.#.####
########.#.....#


There were no monsters in sight!

Vanquished Creatures
  3 gnolls
  An adder (D:2)
  2 dart slugs (D:1)
  6 bats (D:1)
  4 giant cockroaches (D:1)
  3 goblins (D:1)
  4 hobgoblins (D:1)
  A frilled lizard (D:2)
  4 kobolds (D:1)
  3 rats (D:1)
31 creatures vanquished.

Notes
Turn   | Place    | Note
-------+----------+-------------------------------------------
     0 | D:1      | Chiseanne the Demonspawn Wizard began the quest for the Orb.
     0 | D:1      | Reached XP level 1. HP: 13/13 MP: 4/4
     0 | D:1      | Noticed a human
     0 | D:1      | Noticed a gargoyle
     1 | D:1      | Noticed a gargoyle
     3 | D:1      | Noticed an ogre
     3 | D:1      | Noticed a troll
     5 | D:1      | Noticed a spriggan
     6 | D:1      | Noticed a spriggan
    10 | D:1      | Noticed a gargoyle
    10 | D:1      | Noticed a minotaur
    12 | D:1      | Noticed a minotaur
    14 | D:1      | Noticed a dwarf
    16 | D:1      | Noticed an ogre
    16 | D:1      | Noticed a vine stalker
    18 | D:1      | Noticed a dwarf
    21 | D:1      | Noticed a minotaur
   326 | D:1      | Gained mutation: You are partially covered in iridescent scales. (AC +2) [demonic ancestry]
   326 | D:1      | Reached XP level 2. HP: 7/19 MP: 0/6
  1325 | D:1      | Gained mutation: When hurt, damage is shared between your health and your magic reserves. [demonic ancestry]
  1325 | D:1      | Reached XP level 3. HP: 24/24 MP: 5/8
  1631 | D:1      | Learned a level 2 spell: Blink
  1635 | D:1      | Learned a level 3 spell: Conjure Flame
  1639 | D:1      | Learned a level 3 spell: Mephitic Cloud
  1936 | D:2      | Reached skill level 4 in Spellcasting
  1936 | D:2      | Gained mutation: You have sharp toenails. [demonic ancestry]
  1936 | D:2      | Reached XP level 4. HP: 30/30 MP: 5/10
  1937 | D:2      | Quit the game

Skill      XL: |  1  2  3 |
---------------+----------+-----
Conjurations   | 2 |  2.6
Spellcasting   | 4 |  4.0
Dodging        | |  1.7
Stealth        | |  1.7
Summonings     | |  1.0
Translocations | |  0.8

Action                   |  1- 3 |  4- 6 || total
-------------------------+-------+-------++-------
Melee: Hand axe          |    25 |       ||    25
 Cast: Magic Dart        |    90 |     1 ||    91
  Use: Scroll            |     1 |       ||     1
  Eat: Chunk             |     3 |       ||     3
Armor: Robe              |    14 |       ||    14
Dodge: Dodged            |    28 |       ||    28
